 Dungeon Crawl Stone Soup version 0.27.0-1-g7a089689b8 (webtiles) character file.

Game seed: 14020446261490320954

151 Descartes the Sneak (level 5, -7/21 HPs)
             Began as a Felid Venom Mage on Aug 16, 2021.
             Killed from afar by Blork the orc (11 damage)
             ... with a puff of frost
             ... on level 4 of the Dungeon.
             The game lasted 00:12:57 (5644 turns).

Descartes the Sneak (Felid Venom Mage)              Turns: 5644, Time: 00:12:57

Health: -7/21      AC:  1    Str:  5    XL:     5   Next: 11%
Magic:  9/10       EV: 18    Int: 17    God:
Gold:   120        SH:  0    Dex: 16    Spells: 2/10 levels left
                                        Lives:  0   Deaths: 1

rFire    . . .     SeeInvis +   (weapon unavailable)
rCold    . . .     Faith    .   (shield unavailable)
rNeg     + . .     Spirit   .   (armour unavailable)
rPois    .         Reflect  .   (helmet unavailable)
rElec    .         Harm     .   (cloak unavailable)
rCorr    .         Rampage  .   (gloves unavailable)
Will     .....                  (boots unavailable)
Stlth    +++.......             (no amulet)
HPRegen  0.07/turn              i - ring of positive energy
MPRegen  0.12/turn              (no ring)

@: quick
A: very small, claws 1, fangs 3, see invisible, speed 1, shaggy fur 1, stealthy
paws, no weapons or thrown items, no armour, multi-lived
a: no special abilities


You were on level 4 of the Dungeon.
You visited 1 branch of the dungeon, and saw 4 of its levels.

You collected 120 gold pieces.

Inventory:

Missiles
 j - 97 stones
Jewellery
 i - a ring of positive energy (left paw)
Scrolls
 a - 2 scrolls of identify {unknown}
 b - 2 scrolls of teleportation {unknown}
 d - a scroll of enchant armour {unknown}
 f - a scroll of amnesia {unknown}
 g - a scroll of vulnerability {unknown}
 k - 3 scrolls of fog {unknown}
 m - a scroll of immolation {unknown}
 n - 3 scrolls of noise {unknown}
Potions
 c - a potion of attraction {unknown}
 e - 2 potions of flight {unknown}
 h - a potion of lignification {unknown}
 l - a potion of heal wounds {unknown}


   Skills:
 - Level 4.0 Dodging
 + Level 5.4 Stealth
 - Level 3.0 Spellcasting
 - Level 2.0 Transmutations
 + Level 0.0 Fire Magic
 + Level 4.0 Poison Magic


You had 2 spell levels left.
You knew the following spells:

 Your Spells              Type           Power      Damage    Failure   Level
a - Sting                 Tmut/Pois      48%        1d5       4%          1
b - Olgreb's Toxic Radia  Pois           16%        N/A       32%         4
c - Ignite Poison         Fire/Tmut/Pois 9%         N/A       22%         3

Your spell library contained the following spells:

 Spells                   Type           Power      Damage    Failure   Level
 Poisonous Vapours        Pois/Air       18%        N/A       12%         2
 Summon Small Mammal      Summ           8%         N/A       17%         1
 Mephitic Cloud           Conj/Pois/Air  7%         N/A       30%         3
 Call Canine Familiar     Summ           2%         N/A       45%         3
 Conjure Flame            Conj/Fire      2%         6-21      45%         3
 Summon Guardian Golem    Hex/Summ       2%         N/A       45%         3
 Sticky Flame             Conj/Fire      2%         2d3       86%         4


Dungeon Overview and Level Annotations

Branches:
Dungeon (4/15)
 Temple: D:4-7

Altars:
Wu Jian

Annotations:
D:3 Sigmund
D:4 Blork the orc


Innate Abilities, Weirdness & Mutations

You have sharp claws.
You have razor-sharp teeth.
You have supernaturally acute eyesight. (SInv)
You cover ground quickly. (Speed+)
You are covered in fur. (AC +1)
Your paws help you pounce on unaware monsters.
You are incapable of wielding weapons or throwing items.
You cannot wear armour.
You gain extra lives every three experience levels.


Message History

You can't see any susceptible monsters within range! (Use Z to cast anyway.)
Casting: Sting (safe; 4% risk of failure)
Confirm with . or Enter, or press ? or * to list all spells.
Aiming: Sting (safe; 4% risk of failure)
Press: ? - help, Shift-Dir - straight line, f - Blork the orc
Aim: Blork the orc, wielding a +1 vampiric short sword and wearing a +1 robe of willpower (fast, 75% to hit)
The sting hits Blork the orc.
Blork the orc is poisoned.
Blork the orc is lightly wounded.
Blork the orc closely misses you.
Blork the orc screams, "I'll rip your head off!"
Blork the orc misses you.
Blork the orc screams, "I'll cover the dungeon with your blood!"
Blork the orc hits you with a +1 vampiric short sword.
Blork the orc looks more healthy.
Blork the orc looks braver for a moment.
Casting: Sting (safe; 4% risk of failure)
Confirm with . or Enter, or press ? or * to list all spells.
Aiming: Sting (safe; 4% risk of failure)
Press: ? - help, Shift-Dir - straight line, f/p - Blork the orc
Aim: Blork the orc, wielding a +1 vampiric short sword and wearing a +1 robe of willpower (moderately wounded, fast, 75% to hit)
The sting hits Blork the orc.
Blork the orc is poisoned.
Blork the orc is moderately wounded.
Blork the orc hits you with a +1 vampiric short sword.
Blork the orc casts a spell at you. The puff of flame hits you!
* * * LOW HITPOINT WARNING * * *
Casting: Sting (safe; 4% risk of failure)
Confirm with . or Enter, or press ? or * to list all spells.
Aiming: Sting (safe; 4% risk of failure)
Press: ? - help, Shift-Dir - straight line, f/p - Blork the orc
Aim: Blork the orc, wielding a +1 vampiric short sword and wearing a +1 robe of willpower (moderately wounded, fast, poisoned, 75% to hit)
The sting hits Blork the orc.
Blork the orc looks even sicker.
Blork the orc is heavily wounded.
Blork the orc points at you and mumbles some strange words.
The puff of flame misses you.
Blork the orc looks more healthy.
Blork the orc gestures at you while chanting.
The puff of frost hits you!
Ouch! That really hurt!
You die...

#...# ##..>.......# #. #...#
###.....###.# #.
#...######........##.#####
#.
###......)....#......#.....#
#.
..............#...#..#.....#
##.
...........................#
##..
.............≈......##.....#
#...
###....###.≈⌠≈....####.....#
##.# #...........≈≈.#@###
##########.#
#.#...###......#...#
##.....#.# #.....#
#...######o# #...).....
#.#..# ##### #.# #..###....
..... #.# #.#...#..#
#.#####.#.⌠.#..#
#.......#...#≈≈#
######..≈###≈≈≈≈ #...≈≈≈≈≈≈≈


You could see Blork the orc (fast).

Vanquished Creatures
  A scorpion (D:4)
  Natasha (thrice) (D:3)
  3 adders
  2 ufetubi (D:4)
  2 worms
  2 dart slugs
  7 ball pythons
  4 bats
  10 endoplasms
  14 giant cockroaches (D:2)
  7 goblins
  4 hobgoblins
  2 jackals (D:4)
  3 quokkas
  A frilled lizard (D:3)
  5 kobolds
  6 rats
76 creatures vanquished.

Vanquished Creatures (others)
  A plant (D:4)
1 creature vanquished.

Grand Total: 77 creatures vanquished

Notes
Turn   | Place    | Note
-------+----------+-------------------------------------------
     0 | D:1      | Descartes the Felid Venom Mage began the quest for the Orb.
     0 | D:1      | Reached XP level 1. HP: 7/7 MP: 4/4
   289 | D:1      | Reached skill level 3 in Stealth
   289 | D:1      | Reached XP level 2. HP: 11/11 MP: 3/6
   430 | D:1      | Found a faded altar of an unknown god.
  1102 | D:2      | Reached XP level 3. HP: 14/14 MP: 3/7
  2099 | D:2      | Reached XP level 4. HP: 18/18 MP: 5/8
  2493 | D:2      | You fall into a shaft and drop 2 floors!
  2665 | D:4      | Reached skill level 4 in Stealth
  2920 | D:4      | Noticed a scorpion
  2956 | D:4      | Killed a scorpion
  2957 | D:4      | Reached XP level 5. HP: 21/21 MP: 7/10
  3152 | D:3      | Noticed Sigmund
  3468 | D:3      | Learned a level 4 spell: Olgreb's Toxic Radiance
  3472 | D:3      | Learned a level 3 spell: Ignite Poison
  3815 | D:3      | Found an ornate altar of the Wu Jian Council.
  3965 | D:3      | Noticed Natasha
  3977 | D:3      | Killed Natasha
  4411 | D:3      | Noticed Natasha
  4425 | D:3      | Killed Natasha
  4426 | D:3      | Reached skill level 5 in Stealth
  4970 | D:3      | Found an ornate altar of the Wu Jian Council.
  5037 | D:3      | Noticed Natasha
  5044 | D:3      | Killed from afar by Natasha
  5045 | D:3      | Reached XP level 4. HP: -2/18 MP: 6/9
  5051 | D:3      | Killed Natasha
  5052 | D:3      | Reached XP level 5. HP: 21/21 MP: 10/10
  5614 | D:4      | Noticed Blork the orc
  5644 | D:4      | Killed from afar by Blork the orc

Illustrated notes

Levels and vault maps discovered:
D:1:      lightli_molten_gateway, layout_basic, basic_ecumenical_altar
D:2:      minmay_roachtagon, layout_basic, kennysheep_boxes
D:3:      cheibrodos_helix_gallery, layout_basic, nzn_wu_jian_contemplation,
          uniq_natasha, uniq_sigmund
D:4:      layout_loops_cross, minmay_temple_entry_slanted, serial_bayou,
          serial_bayou_shore_b, serial_bayou_crossing, serial_bayou_shore_a,
          serial_bayou_pond_b, corexii_leaking_fountain, fountainhead,
          kennysheep_another_room, uniq_grinder, uniq_blork_the_orc

Skill      XL: |  1  2  3  4  5 |
---------------+----------------+-----
Stealth        | 3 4 5 |  5.4
Dodging        | 3 4 |  4.0
Poison Magic   | 3 4 |  4.0
Transmutations | 2 |  2.0
Spellcasting   | 3 |  3.0

Action                   |  1- 3 |  4- 6 || total
-------------------------+-------+-------++-------
Melee: Unarmed           |     4 |     1 ||     5
 Cast: Sting             |    83 |    79 ||   162
Armor: Skin              |     2 |     1 ||     3
Dodge: Dodged            |    26 |    28 ||    54
